Map: Acid Plant LE

Players

РезвыйМишка

  • Race: Terran Terran
  • League: Platinum
  • Spawn Location: 11:00

ILIEKEGGPIE - Winner!

  • Race: Protoss Protoss
  • League: Platinum
  • Spawn Location: 5:00

VOD

Have the link to the VOD?

Description

Time

  • Played on: April 26, 2018, 6:43 a.m.
  • Length: 5:49
Show
View Real Time Build Order
Export as new Build Order

РезвыйМишка Terran 

Build Orders: Command Center First (CC) 

Get SALT Encoding   

  12  0:01  SCV  
  13  0:13  SCV  
  14  0:17  Supply Depot  
  14  0:25  SCV  
  15  0:39  SCV  
  16  0:51  SCV  
  17  1:03  SCV  
  18  1:07  Command Center  
  18  1:15  SCV  
  18  1:18  Barracks  
  19  1:27  SCV  
  19  1:30  Supply Depot  
  20  1:39  SCV  
  21  1:41  Refinery  
  21  1:54  Refinery  
  21  2:04  Orbital Command  
  21  2:06  Marine  
  22  2:10  Barracks  
  22  2:24  Marine  
  22  2:25  Orbital Command  
  23  2:44  Bunker  
  22  2:52  Barracks Tech Lab  
  21  3:07  Barracks Tech Lab  
  21  3:20  Factory  
  23  3:27  Marauder  
  23  3:33  Marauder  
  23  3:45  Supply Depot  
  25  3:48  Marauder, Supply Depot  
  25  3:54  Marauder  
  27  4:06  Bunker  
  24  4:17  Barracks Tech Lab  
  24  4:19  Marauder  
  24  4:21  Factory Tech Lab  
  26  4:28  SCV  
  23  4:40  Marauder, SCV, Siege Tank  
  23  4:42  Marauder  
  25  5:04  Marauder  
  24  5:24  Factory Tech Lab  
Show
View Real Time Build Order
Export as new Build Order

ILIEKEGGPIE Protoss - Winner!

Build Orders:  

Get SALT Encoding   

  12  0:01  Probe  
  13  0:13  Probe  
  14  0:18  Pylon  
  14  0:25  Probe  
  15  0:33  Probe  
  15  0:39  Gateway  
  15  0:41  Probe  
  17  0:51  Assimilator  
  17  0:54  Probe  
  18  1:02  Pylon  
  18  1:06  Probe  
  19  1:19  Probe  
  20  1:29  Cybernetics Core  
  20  1:31  Probe  
  20  1:32  Gateway  
  21  1:46  Probe  
  22  1:55  Assimilator  
  22  2:01  Stalker  
  22  2:08  Warp Gate  
  24  2:10  Stalker  
  24  2:17  Probe  
  26  2:32  Probe  
  27  2:39  Stalker  
  27  2:41  Stalker  
  31  3:18  Pylon  
  31  3:36  Stalker x2, Shield Battery  
  31  3:38  Stargate  
  31  3:39  Gateway  
  35  4:06  Stalker x2  
  39  4:26  Pylon  
  39  4:34  Void Ray  
  39  4:36  Stalker  
  43  4:56  Shield Battery  
  43  5:15  Adept x2  
Tags
 
Add a new tag
Caveats
  • Supply blocks, unpowered buildings, or Contaminate may cause inaccurate times.
  • Supply counts are checked every 10 seconds.